 Dungeon Crawl Stone Soup version 0.32-a0-43-g058985b245 (webtiles) character file.

Game seed: 6163766445943796417

79 pokeman the Magician (level 4, 0/25 HPs)
             Began as a Deep Elf Hedge Wizard on Feb 4, 2024.
             Succumbed to poison
             ... on level 2 of the Dungeon.
             The game lasted 00:02:32 (1571 turns).

pokeman the Magician (Deep Elf Hedge Wizard)        Turns: 1571, Time: 00:02:33

Health: 0/25       AC:  4    Str:  7    XL:     4   Next: 17%
Magic:  1/13       EV: 12    Int: 21    God:
Gold:   82         SH:  0    Dex: 14    Spells: 6/14 levels left

rFire   . . .        i - +2 mace (heavy)
rCold   . . .        (no shield)
rNeg    . . .        b - +0 robe
rPois   .            c - +0 hat
rElec   .            e - +0 cloak
rCorr   .            j - +0 pair of gloves
SInv    .            (no boots)
Will    .....        (no amulet)
Stlth   ++           (no ring)
HPRegen 0.24/turn    (no ring)
MPRegen 0.13/turn

%: no passive effects
@: lethally poisoned (0 -> -9), very slightly contaminated
A: no striking features
a: no special abilities


You were on level 2 of the Dungeon.
You visited 1 branch of the dungeon, and saw 2 of its levels.

You collected 82 gold pieces.

Inventory:

Hand Weapons
 i - a +2 heavy mace (weapon)
Armour
 b - a +0 robe (worn)
 c - a +0 hat (worn)
 e - a +0 cloak (worn)
 j - a +0 pair of gloves (worn)
Jewellery
 n - an amulet of faith
Scrolls
 a - 3 scrolls of blinking {unknown}
 g - 2 scrolls of teleportation {unknown}
 h - a scroll of enchant weapon {unknown}
 m - a scroll of vulnerability {unknown}
 o - 2 scrolls of identify {unknown}
Potions
 d - a potion of magic
 f - 2 potions of curing {unknown}
 k - a potion of might {unknown}
 l - a potion of degeneration {unknown}


   Skills:
 - Level 1.0 Fighting
 - Level 1.1 Armour
 + Level 2.5 Dodging
 + Level 2.6 Stealth
 * Level 5.5 Spellcasting
 + Level 2.1 Conjurations
 - Level 1.1 Summonings
 - Level 1.1 Translocations


You had 6 spell levels left.
You knew the following spells:

 Your Spells              Type           Power      Damage    Failure   Level
a - Magic Dart            Conj           56%        1d5       4%          1
b - Mephitic Cloud        Conj/Alch/Air  8%         N/A       22%         3
c - Call Imp              Summ           20%        N/A       10%         2
d - Blink                 Tloc           20%        N/A       10%         2

Your spell library contained the following spells:

 Spells                   Type           Power      Damage    Failure   Level
 Slow                     Hex            20%        N/A       11%         1
 Cigotuvi's Dreadful Rot  Necr/Alch/Air  10%        N/A       16%         2


Dungeon Overview and Level Annotations

Branches:
Dungeon (2/15)

Altars:


Message History

The gnoll is engulfed in noxious fumes.
The gnoll appears confused.
The gnoll hits you with a +0 club.
The gnoll hits itself with a +0 club.
The gnoll is killed!
Unknown command.
Unknown command.
You're too confused to move!
You are engulfed in noxious fumes.
You choke on the stench!
You are more confused.
The gnoll hits you with a +2 flail of protection.
Unknown command.
You are engulfed in noxious fumes.
You choke on the stench!
You are more confused.
The gnoll closely misses you.
The gnoll is engulfed in noxious fumes.
The gnoll barely misses you. The gnoll attacks as it pursues you!
The gnoll hits you but does no damage.
The gnoll is engulfed in noxious fumes.
The gnoll appears confused.
The gnoll hits you from afar with a +0 spear!
The gnoll is engulfed in noxious fumes.
The gnoll appears confused.
The gnoll is engulfed in noxious fumes.
The gnoll appears confused.
The gnoll hits you from afar with a +0 spear.
The gnoll is engulfed in noxious fumes.
The gnoll appears confused.
The gnoll hits you with a +2 flail of protection.
* * * LOW HITPOINT WARNING * * *
Unknown command.
You feel less confused. The gnoll attacks as it pursues you!
The gnoll barely misses you.
The gnoll is engulfed in noxious fumes.
The gnoll appears confused.
Your magical contamination has completely faded away.
The gnoll hits you from afar with a +0 spear.
* * * LOW HITPOINT WARNING * * *
Casting: Mephitic Cloud (extremely dangerous; 22% risk of failure)
Confirm with . or Enter, or press ? or * to list all spells.
Aiming: Mephitic Cloud (extremely dangerous; 22% risk of failure)
Press: ? - help, Shift-Dir - straight line, f - gnoll
Aim: a gnoll, wielding a +0 spear (chance to affect: 91%)
You miscast Mephitic Cloud.
You are very lightly contaminated with residual magic.
You are engulfed in toxic fumes.
You are lethally poisoned!
You die...

#..##.............#.
##)..#.#...........#
#......#.<........##.
#..☼.g##.............
#...).##......#######
##..>...........##
###...gB......#....#
.......g.......##..#####
).....(@....####........
...#####...............##
.......<...##...###.##...
########...##..####.#..##
##.####.........##
#...#######..#..# ##..#
#...##.. #..# ###.#.....
##^# #.......#.


You could see 3 gnolls and a giant cockroach.

Vanquished Creatures
  Jessica (D:1)
  A gnoll (D:2)
  A dart slug (D:1)
  4 ball pythons
  2 bats
  4 endoplasms
  6 giant cockroaches
  2 goblins (D:1)
  6 kobolds
  2 quokkas (D:1)
  4 frilled lizards
  5 rats (D:1)
38 creatures vanquished.

Notes
Turn   | Place    | Note
-------+----------+-------------------------------------------
     0 | D:1      | pokeman the Deep Elf Hedge Wizard began the quest for the
                  | Orb.
     0 | D:1      | Reached XP level 1. HP: 10/10 MP: 7/7
   265 | D:1      | Reached XP level 2. HP: 15/15 MP: 9/9
   658 | D:1      | Reached skill level 5 in Spellcasting
   802 | D:1      | Reached XP level 3. HP: 20/20 MP: 6/11
   806 | D:1      | Learned a level 3 spell: Mephitic Cloud
   809 | D:1      | Learned a level 2 spell: Call Imp
   812 | D:1      | Learned a level 2 spell: Blink
  1242 | D:2      | Noticed Jessica
  1252 | D:1      | Killed Jessica
  1253 | D:1      | Reached skill level 1 in Fighting
  1253 | D:1      | Reached skill level 1 in Armour
  1467 | D:2      | Reached XP level 4. HP: 25/25 MP: 11/13
  1570 | D:2      | HP: 1/25 [gnoll/+0 spear (2)]
  1571 | D:2      | Succumbed to poison

Illustrated notes

Levels and vault maps discovered:
D:1:      lemuel_arrival_funnel, layout_loops_ring
D:2:      layout_rooms, serial_corexii_hall, corexii_hall_statues_s,
          corexii_hall_statues_u, minmay_tetromino_s4, uniq_jessica,
          uniq_sigmund, uniq_terence, uniq_natasha

Skill      XL: |  1  2  3 |
---------------+----------+-----
Spellcasting   | 5 |  5.5
Fighting       | 1 |  1.0
Armour         | 1 |  1.1
Conjurations   | 2 |  2.1
Dodging        | |  2.5
Stealth        | |  2.6
Summonings     | |  1.1
Translocations | |  1.1

Action                     |  1- 3 |  4- 6 || total
---------------------------+-------+-------++-------
  Melee: Dagger            |    10 |       ||    10
         Mace              |     8 |       ||     8
   Cast: Magic Dart        |    75 |     7 ||    82
         Mephitic Cloud    |       |     1 ||     1
   Stab: Sleeping          |     1 |       ||     1
 Armour: Robe              |    25 |     7 ||    32
  Dodge: Dodged            |    34 |     3 ||    37

Table legend: (Time is in decaauts)
 A = Elapsed time spent in this place.
 B = Non-inter-level travel time spent in this place.
 C = Inter-level travel time spent in this place.
 D = Time resting spent in this place.
 E = Time spent auto-exploring this place.
 F = Levels seen in this place.
 G = Mean time per level.
                   A        B        C        D        E       F      G
               +--------+--------+--------+--------+--------+-----+--------+
         Total |   1586 |   1551 |     35 |    132 |   1181 |   2 |  793.0 |
       Dungeon |   1586 |   1551 |     35 |    132 |   1181 |   2 |  793.0 |
               +--------+--------+--------+--------+--------+-----+--------+

Top non-repeatable levels by time:
     D:1: 1371 daAuts
     D:2: 214 daAuts
